 Dungeon Crawl Stone Soup version 0.21-a0-404-g291f19a (webtiles) character file.

25 zaque the Vexing (level 3, -1/33 HPs)
             Began as an Ogre Arcane Marksman on Oct 28, 2017.
             Slain by an adder (4 damage)
             ... on level 2 of the Dungeon.
             The game lasted 00:04:12 (1088 turns).

zaque the Vexing (Ogre Arcane Marksman)             Turns: 1088, Time: 00:04:12

Health: -1/33      AC:  5    Str: 19    XL:     3   Next: 6%
Magic:  4/5        EV: 10    Int: 14    God:
Gold:   37         SH:  0    Dex: 10    Spells: 3/4 levels left

rFire    . . .     SeeInvis .   e - +1 dagger
rCold    . . .     Gourm    .   (no shield)
rNeg     . . .     Faith    .   a - +0 robe
rPois    .         Spirit   .   (helmet restricted)
rElec    +         Reflect  .   (no cloak)
rCorr    .         Harm     .   (gloves unavailable)
MR       .....                  (boots unavailable)
Stlth    +.........             (no amulet)
HPRegen  0.11/turn              (no ring)
MPRegen  0.09/turn              (no ring)

@: mighty, flying
A: unfitting armour, icy blue scales 1, electricity resistance, tough skin 1
a: no special abilities


You were on level 2 of the Dungeon.
You were not hungry.

You visited 1 branch of the dungeon, and saw 2 of its levels.

You collected 37 gold pieces.

Inventory:

Hand Weapons
 e - a +1 dagger (weapon)
 j - a +0 whip
Missiles
 d - 3 throwing nets
 k - 47 stones
 p - 3 poisoned tomahawks (quivered)
Armour
 a - a +0 robe (worn)
Potions
 l - a potion of mutation
 o - a potion of ambrosia {unknown}
Books
 b - a book of Debilitation

   Spells                             Type                      Level
   a - Corona                         Hexes                        1
   b - Slow                           Hexes                        2
   c - Inner Flame                    Hexes/Fire                   3
   d - Portal Projectile              Hexes/Translocation          3
   e - Cause Fear                     Hexes                        4
   f - Leda's Liquefaction            Hexes/Earth                  4
Comestibles
 f - 3 bread rations
 g - 2 chunks of flesh
 n - a meat ration


   Skills:
 + Level 1.6 Fighting
 * Level 2.7 Throwing
 + Level 2.1 Dodging
 + Level 1.4 Spellcasting
 + Level 2.9 Hexes


You had 3 spell levels left.
You knew the following spells:

 Your Spells              Type           Power        Failure   Level  Hunger
a - Corona                Hex            #......      8%          1    ##.....


Dungeon Overview and Level Annotations

Branches:
Dungeon (2/15)

Altars:


Innate Abilities, Weirdness & Mutations

You are too large for most types of armour.
You have tough skin. (AC +1)
You are partially covered in icy blue scales. (AC +2)
You are resistant to electric shocks. (rElec)


Message History

You feel very mighty all of a sudden.
* * * LOW HITPOINT WARNING * * *
You feel sick. The adder barely misses you. The adder closely misses you.
It was a potion of flight.
You feel very buoyant.
You fly up into the air.
* * * LOW HITPOINT WARNING * * *
You feel sick. The adder bites you but does no damage.
It was a potion of curing.
You feel better. The adder bites you.
* * * LOW HITPOINT WARNING * * *
Casting: Corona
Confirm with . or Enter, or press ? or * to list all spells.
Aiming: Corona
Press: ? - help, Shift-Dir - straight line, f/p - adder
Aim: an adder (chance to defeat MR: 52%)
The adder struggles to resist.
The adder bites you but does no damage. The adder bites you.
* * * LOW HITPOINT WARNING * * *
You barely miss the adder. The adder bites you.
You die...

..........
...((..> .
######.#.#.# ..
####....(.....#
..
..............#
.. #...........#
.#
#...........#.##
#.#...S....<...#
#
#.##@#..#.#...s..
#.#.....#.# ...#.
#.#(........ ^...
..#.#####... ...
###( #.... .. #(
#.!... . #. #....
#.


You could see an adder.

Vanquished Creatures
  A giant cockroach (D:1)
  4 goblins (D:1)
  4 hobgoblins (D:1)
  4 kobolds (D:1)
  A ball python (D:1)
  2 bats (D:1)
  4 frilled lizards
  6 rats (D:1)
26 creatures vanquished.

Notes
Turn   | Place    | Note
-------+----------+-------------------------------------------
     0 | D:1      | zaque the Ogre Arcane Marksman began the quest for the Orb.
     0 | D:1      | Reached XP level 1. HP: 19/19 MP: 2/2
   257 | D:1      | Reached XP level 2. HP: 20/27 MP: 4/4
   880 | D:1      | Reached XP level 3. HP: 17/33 MP: 5/5
  1083 | D:2      | Gained mutation: You are partially covered in icy blue scales. (AC +2) [potion of mutation]
  1083 | D:2      | Gained mutation: You are resistant to electric shocks. (rElec) [potion of mutation]
  1088 | D:2      | Slain by an adder

Vault maps used:
D:1:      tarquinn_simple_flora_water_b, minmay_bisected
D:2:      uniq_robin

Skill      XL: |  1  2 |
---------------+-------+-----
Dodging        | 2 |  2.1
Fighting       | |  1.6
Throwing       | |  2.7
Spellcasting   | |  1.4
Hexes          | |  2.9

Action                   || total
-------------------------++-------
Melee: Dagger            ||    44
       Club              ||    32
       Unarmed           ||     6
Throw: Stone             ||    18
       Tomahawk          ||     5
       Large rock        ||     4
 Cast: Corona            ||     4
  Use: Scroll            ||     4
       Potion            ||     4
 Stab: Sleeping          ||     1
  Eat: Chunk             ||     1
Armor: Robe              ||    37
Dodge: Dodged            ||    55

Table legend:
 A = Spawn XP
 B = Non-spawn XP
 C = Spawn XP percentage of total XP
 D = Spawn monster count
 E = Non-spawn monster count
 F = Spawn count percentage of total count
 G = Total turns spent on level
                    A         B        C        D         E        F      G
               +---------+---------+-------+---------+---------+-------+---------
         Total |       0 |      37 |   0.0 |       0 |      26 |   0.0 |  1088
               +---------+---------+-------+---------+---------+-------+---------
           D:1 |       0 |      36 |   0.0 |       0 |      25 |   0.0 |  1046
           D:2 |       0 |       1 |   0.0 |       0 |       1 |   0.0 |    42
               +---------+---------+-------+---------+---------+-------+---------
